 Dungeon Crawl Stone Soup version 0.30-a0-1116-gebefce21f7 (webtiles) character file.

Game seed: 17412824808823330371

114 leviel the Trooper (level 4, -1/41 HPs)
             Began as a Hill Orc Fighter on Apr 21, 2023.
             Killed by divine providence
             ... invoked by an orc priest
              (14 damage)
             ... on level 3 of the Dungeon.
             The game lasted 00:01:55 (1703 turns).

leviel the Trooper (Hill Orc Fighter)               Turns: 1703, Time: 00:01:56

Health: -1/41      AC: 12    Str: 18    XL:     4   Next: 98%
Magic:  4/4        EV:  9    Int:  8    God:
Gold:   160        SH:  5    Dex: 12    Spells: 3/3 levels left

rFire   . . .      SeeInvis .    a - +1 war axe (drain)
rCold   . . .      Faith    .    c - +0 buckler
rNeg    . . .      Spirit   .    b - +0 scale mail
rPois   .          Reflect  .    (no helmet)
rElec   .          Rampage  .    e - +0 cloak
rCorr   .                        (no gloves)
Will    .....                    (no boots) Stlth
                                 (no amulet)
HPRegen 0.26/turn                j - +4 ring of protection
MPRegen 0.09/turn                (no ring)

@: no status effects
A: no striking features
a: Convert to Beogh


You were on level 3 of the Dungeon.
You visited 1 branch of the dungeon, and saw 3 of its levels.

You collected 160 gold pieces.

Inventory:

Hand Weapons
 a - a +1 war axe of draining (weapon)
Missiles
 g - a throwing net (quivered)
Armour
 b - a +0 scale mail (worn)
 c - a +0 buckler (worn)
 e - a +0 cloak (worn)
Jewellery
 j - a +4 ring of protection (left hand)
Wands
 m - a wand of iceblast (8)
Scrolls
 h - a scroll of fog
 i - a scroll of brand weapon
 k - a scroll of amnesia
 l - a scroll of identify {unknown}
Potions
 d - 2 potions of might
 f - 2 potions of heal wounds {unknown}


   Skills:
 + Level 4.5 Fighting
 * Level 4.2 Axes
 + Level 4.1 Armour
 + Level 4.0 Shields


You had 3 spell levels left.
You didn't know any spells.
Your spell library contained the following spells:

 Spells                   Type           Power      Damage    Failure   Level
 Lesser Beckoning         Tloc           0%         N/A       95%         2
 Gell's Gravitas          Tloc           0%         N/A       99%         3
 Teleport Other           Tloc           0%         N/A       99%         3


Dungeon Overview and Level Annotations

Branches:
Dungeon (3/15)

Altars:


Message History

The orc shouts!
An orc comes into view. It is wielding a +0 club.
The orc moves out of view.
The orc shouts!
You hit the orc priest but do no damage.
You drain the orc priest.
The orc priest is lightly wounded.
The orc priest hits you but does no damage.
You slash the orc priest!
The orc priest is almost dead.
The orc priest hits you but does no damage.
You barely miss the orc priest.
The orc priest shouts, "Surrender to Beogh and we'll let you live!"
The orc priest is almost dead.
The orc priest invokes the aid of Beogh against you.
Beogh smites you!
You are too injured to fight recklessly!
There are monsters nearby!
There are monsters nearby!
You are too injured to fight recklessly!
Throw: throwing net
Press: ? - help, Q - select action, (/) - cycle Shift-Dir - straight line, f - orc
Aim: an orc, wielding a +0 dagger (59% to hit)
Okay, then.
Aiming: Iceblast
Press: ? - help, Shift-Dir - straight line, f - orc priest
Aim: an orc priest, wielding a +0 dagger (almost dead, heavily drained)
Okay, then.
The orc attacks as you move away! The orc hits you but does no damage.
The orc priest calls down the wrath of Beogh upon you.
Beogh smites you!
* * * LOW HITPOINT WARNING * * *
You see here an adder corpse.
The orc attacks as you move away! The orc closely misses you.
You slash the orc!
You kill the orc!
You barely miss the orc.
The orc priest invokes the aid of Beogh against you.
Beogh smites you!
You die...

.###. ...#....... .....
#......... ...#
#........) #..#
#........) #..##
#......... # #oo.#
#......... #.. #.o#
#........<
.....####..#####........
.......@o........>(.....
.....####.###.#.........
..# ...# #...........
#..### ##.......... ....
##......... ....
##........ ....
##....(.# .$. ##.#####
###


You could see an orc priest (very drained) and an orc.

Vanquished Creatures
  An orc wizard (D:3)
  2 adders
  2 worms
  2 dart slugs
  5 orcs (D:3)
  8 endoplasms
  2 giant cockroaches (D:2)
  4 goblins
  4 hobgoblins
  4 jackals (D:1)
  2 quokkas
  3 ball pythons
  6 bats
  A frilled lizard (D:2)
  6 rats
52 creatures vanquished.

Notes
Turn   | Place    | Note
-------+----------+-------------------------------------------
     0 | D:1      | leviel the Hill Orc Fighter began the quest for the Orb.
     0 | D:1      | Reached XP level 1. HP: 19/19 MP: 1/1
    91 | D:1      | Reached XP level 2. HP: 18/27 MP: 2/2
   577 | D:1      | Reached XP level 3. HP: 31/33 MP: 3/3
  1331 | D:2      | Reached XP level 4. HP: 39/40 MP: 4/4
  1689 | D:3      | Found a faded altar of an unknown god.
  1703 | D:3      | Killed from afar by an orc priest

Illustrated notes

Levels and vault maps discovered:
D:1:      dpeg_arrival_rhombus, layout_basic, serial_forest,
          infiniplex_forest_straight_4, infiniplex_forest_clump_long,
          infiniplex_forest_split, infiniplex_forest_side_room,
          infiniplex_forest_clump_small, infiniplex_forest_end_2,
          infiniplex_forest_end_2, grunt_decor_one_mirror,
          minmay_misc_feat_four_crosses
D:2:      layout_loops_ring, minmay_pentomino_u2
D:3:      layout_rooms, serial_shops, shop_fountains, basic_ecumenical_altar

Skill      XL: |  1  2  3  4 |
---------------+-------------+-----
Axes           | 3 4 |  4.2
Fighting       | 4 |  4.5
Armour         | 4 |  4.1
Shields        | 4 |  4.0

Action                     |  1- 3 |  4- 6 || total
---------------------------+-------+-------++-------
  Melee: War axe           |    95 |    26 ||   121
    Use: Scroll            |     5 |     2 ||     7
 Armour: Scale mail        |    51 |    13 ||    64
  Dodge: Dodged            |    40 |    12 ||    52
  Block: Buckler           |    31 |     8 ||    39

Table legend: (Time is in decaauts)
 A = Elapsed time spent in this place.
 B = Non-inter-level travel time spent in this place.
 C = Inter-level travel time spent in this place.
 D = Time resting spent in this place.
 E = Time spent auto-exploring this place.
 F = Levels seen in this place.
 G = Mean time per level.
                   A        B        C        D        E       F      G
               +--------+--------+--------+--------+--------+-----+--------+
         Total |   1747 |   1668 |     79 |    186 |   1169 |   3 |  582.3 |
       Dungeon |   1747 |   1668 |     79 |    186 |   1169 |   3 |  582.3 |
               +--------+--------+--------+--------+--------+-----+--------+

Top non-repeatable levels by time:
     D:1: 926 daAuts
     D:2: 763 daAuts
     D:3: 57 daAuts
